 Dungeon Crawl Stone Soup version 0.32-a0-485-g70f7560b1c (webtiles) character file.

Game seed: 17782894312248859020

46 dialectric the Sneak (level 3, -1/18 HPs)
             Began as a Spriggan Brigand on Feb 26, 2024.
             Slain by Grinder (8 damage)
             ... while paralysed by Grinder
             ... on level 3 of the Dungeon.
             The game lasted 00:01:16 (769 turns).

dialectric the Sneak (Spriggan Brigand)              Turns: 769, Time: 00:01:16

Health: -1/18      AC:  3    Str:  9    XL:     3   Next: 46%
Magic:  4/4        EV:  4    Int: 12    God:
Gold:   56         SH:  0    Dex: 16    Spells: 2/2 levels left

rFire   . . .        h - +3 short sword (protect)
rCold   . . .        (no shield)
rNeg    . . .        b - +0 robe
rPois   .            (helmet restricted)
rElec   .            c - +0 cloak
rCorr   .            (gloves unavailable)
SInv    +            (boots unavailable)
Will    .....        (no amulet)
Stlth   +++          (no ring)
HPRegen 0.23/turn    (no ring)
MPRegen 0.09/turn

%: no passive effects
@: paralysed, hasted, very quick
A: very small, no large weapons, unfitting armour, see invisible, speed 3
a: no special abilities


You were on level 3 of the Dungeon.
You visited 1 branch of the dungeon, and saw 3 of its levels.

You collected 56 gold pieces.

Inventory:

Hand Weapons
 a - a +2 dagger
 h - a +3 short sword of protection (weapon)
Missiles
 d - 9 poisoned darts (quivered)
 e - 3 curare-tipped darts
Armour
 b - a +0 robe (worn)
 c - a +0 cloak (worn)
Jewellery
 j - a +6 ring of intelligence
Scrolls
 g - a scroll of butterflies {unknown}
 k - a scroll of noise {unknown}
Potions
 i - a potion of resistance {unknown}
 l - a potion of curing {unknown}
 m - a potion of ambrosia {unknown}
 n - 2 potions of heal wounds {unknown}
 o - a potion of brilliance {unknown}
 p - a potion of might {unknown}


   Skills:
 + Level 2.0 Fighting
 + Level 2.7 Short Blades
 + Level 2.4 Throwing
 + Level 2.1 Dodging
 * Level 6.5 Stealth


You had 2 spell levels left.
You didn't know any spells.
Your spell library was empty.

Dungeon Overview and Level Annotations

Branches:
Dungeon (3/15)

Altars:

Annotations:
D:3 Grinder


Innate Abilities, Weirdness & Mutations

You are very small and have problems with some larger weapons.
You are too small for most types of armour.
You have supernaturally acute eyesight. (SInv)
You cover ground extremely quickly. (Speed+++)


Message History

Grinder is moderately wounded.
Grinder gestures at you. You resist with significant effort.
You hit Grinder.
Grinder is heavily wounded.
Grinder barely misses you.
You hit Grinder.
Grinder is heavily wounded.
Grinder gestures at you. You resist with significant effort.
You hit Grinder but do no damage.
Grinder is heavily wounded.
Grinder says, "Make like a tree!"
Grinder hits you.
You writhe in agony.
You hit Grinder.
Grinder is heavily wounded.
Grinder completely misses you.
You hit Grinder.
Grinder is severely wounded.
You hit Grinder.
Grinder is severely wounded.
Grinder hits you.
You hit Grinder but do no damage.
Grinder is severely wounded.
Grinder hits you.
* * * LOW HITPOINT WARNING * * *
You hit Grinder but do no damage.
Grinder is severely wounded.
Grinder blinks!
It was a potion of haste.
You feel yourself speed up.
You closely miss Grinder.
Grinder is severely wounded.
You closely miss Grinder.
Grinder is severely wounded.
Grinder gestures at you.
You suddenly lose the ability to move!
Grinder hits you but does no damage. x2
Grinder hits you!
You die...
Grinder says, "Hey, I wasn't done torturing you yet!"

...)....#.# §#.
#.<#.# .... #
#..#.# .§§§ #.
###....##..§..
#..##..........§..
..............§.
#.##..ß........# #
#....†....###
#5@.......#
...............#
.##.##.##.....## #
#. ##...## #.
##.## #. .... #.
.... .. ....


You could see Grinder.

Vanquished Creatures
  2 adder skeletons (D:3)
  3 dart slugs (D:1)
  A ball python (D:1)
  2 endoplasms (D:2)
  3 giant cockroaches
  4 goblins (D:2)
  5 hobgoblins
  2 quokkas (D:2)
  3 frilled lizards
  5 kobolds
  2 rats (D:1)
32 creatures vanquished.

Notes
Turn   | Place    | Note
-------+----------+-------------------------------------------
     0 | D:1      | dialectric the Spriggan Brigand began the quest for the
                  | Orb.
     0 | D:1      | Reached XP level 1. HP: 10/10 MP: 2/2
   102 | D:1      | Reached skill level 6 in Stealth
   111 | D:1      | Reached XP level 2. HP: 15/15 MP: 3/3
   202 | D:1      | You fall into a shaft and drop 1 floor!
   411 | D:2      | Reached XP level 3. HP: 16/18 MP: 4/4
   738 | D:3      | Noticed Grinder
   766 | D:3      | Paralysed by Grinder for 4 turns
   769 | D:3      | Slain by Grinder

Illustrated notes

Levels and vault maps discovered:
D:1:      minmay_arrival_plants_in_alcoves, layout_basic
D:2:      layout_basic, chequers_serial_rivers_micro_e, minmay_goblin_outpost
D:3:      layout_loops_cross, bloody_makhleb, serial_undead, serial_undead_a,
          serial_undead_a, serial_undead_d, serial_undead_c, serial_undead_e,
          serial_undead_c, serial_undead_a, nicolae_grassy_gnolls, uniq_grinder,
          uniq_sigmund

Skill      XL: |  1  2  3 |
---------------+----------+-----
Stealth        | 6 |  6.5
Dodging        | 2 |  2.1
Fighting       | 2 |  2.0
Short Blades   | |  2.7
Throwing       | |  2.4

Action                     || total
---------------------------++-------
  Melee: Dagger            ||    10
         Short sword       ||    84
    Use: Potion            ||     1
   Stab: Sleeping          ||    11
 Armour: Robe              ||    29
  Dodge: Dodged            ||    56

Table legend: (Time is in decaauts)
 A = Elapsed time spent in this place.
 B = Non-inter-level travel time spent in this place.
 C = Inter-level travel time spent in this place.
 D = Time resting spent in this place.
 E = Time spent auto-exploring this place.
 F = Levels seen in this place.
 G = Mean time per level.
                   A        B        C        D        E       F      G
               +--------+--------+--------+--------+--------+-----+--------+
         Total |    498 |    473 |     25 |      0 |    272 |   3 |  166.0 |
       Dungeon |    498 |    473 |     25 |      0 |    272 |   3 |  166.0 |
               +--------+--------+--------+--------+--------+-----+--------+

Top non-repeatable levels by time:
     D:2: 329 daAuts
     D:1: 134 daAuts
     D:3: 35 daAuts
